Map: 世界主宰-天梯版

Players

JieShi

  • Race: Protoss Protoss

Cyan - Winner!

  • Race: Protoss Protoss
  • League: Master

Event: DreamHack SC2 Masters 2021 Winter

VOD

Have the link to the VOD?

Description

Time

  • Played on: Oct. 6, 2021, 8:05 a.m.
  • Length: 15:42

All games in this series

Show
View Real Time Build Order
Export as new Build Order

JieShi Protoss 

Build Orders: Oracle Opening 

Get SALT Encoding   

  12  0:00  Probe  
  13  0:12  Probe  
  14  0:18  Pylon  
  14  0:24  Probe (Chrono Boost)  
  15  0:37  Probe (Chrono Boost)  
  15  0:38  Gateway  
  16  0:44  Probe (Chrono Boost)  
  16  0:47  Assimilator  
  17  0:51  Probe  
  18  0:57  Assimilator  
  18  1:03  Probe (Chrono Boost)  
  19  1:09  Gateway  
  19  1:13  Probe (Chrono Boost)  
  20  1:18  Probe  
  21  1:25  Cybernetics Core  
  21  1:30  Probe  
  22  1:35  Pylon  
  22  1:42  Probe  
  23  1:55  Probe  
  24  2:02  Warp Gate  
  24  2:06  Stalker x2  
  28  2:13  Pylon  
  28  2:16  Shield Battery  
  28  2:26  Pylon  
  28  2:36  Adept x2  
  32  2:42  Stargate  
  32  3:04  Nexus  
  32  3:17  Gateway  
  32  3:23  Oracle (Chrono Boost)  
  32  3:26  Probe  
  36  3:36  Pylon  
  36  3:39  Probe  
  37  3:52  Oracle (Chrono Boost)  
  37  3:54  Probe  
  41  4:01  Stalker x2  
  45  4:07  Probe, Shield Battery  
  46  4:16  Probe  
  45  4:18  Shield Battery  
  45  4:19  Probe  
  44  4:26  Phoenix (Chrono Boost)  
  44  4:29  Probe  
  47  4:37  Probe  
  48  4:41  Probe  
  49  4:50  Robotics Facility  
  49  4:53  Probe (Chrono Boost)  
  49  4:54  Stalker  
  49  4:57  Probe (Chrono Boost)  
  53  5:06  Probe (Chrono Boost)  
  54  5:11  Phoenix, Probe (Chrono Boost)  
  54  5:12  Probe (Chrono Boost)  
  58  5:19  Probe  
  58  5:20  Probe  
  56  5:32  Probe x2 (Chrono Boost)  
  55  5:38  Immortal (Chrono Boost)  
  59  5:44  Probe (Chrono Boost)  
  59  5:49  Probe (Chrono Boost)  
  61  5:52  Probe (Chrono Boost)  
  61  5:53  Nexus  
  61  5:54  Pylon  
  62  5:59  Pylon  
  62  6:02  Forge  
  62  6:11  Pylon  
  62  6:12  Observer, Probe  
  62  6:13  Assimilator  
  62  6:15  Twilight Council  
  62  6:16  Shield Battery  
  64  6:21  Pylon  
  64  6:23  Probe  
  64  6:24  Probe  
  66  6:35  Phoenix, Probe  
  66  6:36  Immortal (Chrono Boost), Probe  
  74  6:47  Probe  
  74  6:48  Probe  
  74  6:52  Gateway  
  76  6:54  Assimilator  
  76  7:03  Probe  
  76  7:05  Probe  
  76  7:07  Immortal (Chrono Boost)  
  82  7:09  Probe  
  83  7:15  Probe  
  83  7:17  Probe  
  83  7:21  Probe (Chrono Boost)  
  88  7:30  Gateway  
  88  7:31  Probe (Chrono Boost)  
  88  7:33  Probe x2 (Chrono Boost)  
  88  7:34  Gateway  
  88  7:35  Gateway  
  89  7:38  Templar Archives  
  89  7:40  Protoss Ground Weapons Level 1 (Chrono Boost)  
  89  7:42  Probe (Chrono Boost)  
  90  7:45  Photon Cannon  
  90  7:47  Probe  
  90  7:50  Gateway  
  95  8:17  Zealot  
  95  8:22  Charge (Chrono Boost)  
  95  8:23  Pylon  
  95  8:25  Pylon  
  95  8:27  Pylon  
  92  8:34  Pylon  
  92  8:41  Probe  
  93  8:47  Immortal  
  89  8:55  Pylon  
  89  8:56  Pylon  
  89  8:58  Pylon  
  89  9:00  Pylon  
  89  9:02  Pylon  
  88  9:04  Pylon  
  88  9:06  Templar Archives, Pylon  
  88  9:07  Probe x2  
  90  9:11  Assimilator  
  90  9:14  Assimilator  
  90  9:17  Sentry  
  90  9:18  Zealot x4  
  100  9:24  Gateway  
  100  9:29  Immortal (Chrono Boost)  
  98  9:35  Photon Cannon  
  98  9:37  Shield Battery  
  102  9:39  Gateway, Protoss Ground Weapons Level 2 (Chrono Boost)  
  102  9:43  Photon Cannon  
  102  9:45  Zealot x2  
  100  10:00  Pylon  
  100  10:02  Pylon  
  100  10:11  Zealot x4  
  100  10:12  Zealot x2  
  112  10:15  Zealot, Pylon  
  111  10:24  Probe  
  108  10:35  Nexus  
  106  10:38  Pylon  
  106  10:41  High Templar x3  
  106  10:42  High Templar x2  
  114  10:44  High Templar  
  114  10:47  Archon  
  114  10:48  Archon  
  114  10:49  Archon  
  110  10:50  Zealot x2  
  110  10:51  Zealot  
  110  10:55  Immortal (Chrono Boost)  
  110  10:56  Pylon  
  120  11:09  Photon Cannon  
  120  11:11  Zealot, High Templar x2, Shield Battery  
  120  11:16  Archon  
  126  11:22  Zealot x6  
  134  11:37  Warp Prism, Protoss Ground Weapons Level 3 (Chrono Boost)  
  134  11:38  Probe  
  134  11:39  Probe x2  
  135  11:52  High Templar x2  
  135  11:53  Zealot x3  
  135  11:54  Zealot  
  147  11:56  Archon  
  147  11:57  Zealot  
  147  11:59  Probe  
  147  12:00  Probe  
  151  12:07  Immortal  
  144  12:20  Zealot x2, High Templar x2  
  144  12:21  Zealot x2  
  160  12:25  Observer  
  160  12:26  Zealot x2, Archon  
  166  12:31  Probe (Chrono Boost)  
  166  12:32  Probe x2 (Chrono Boost)  
  166  12:37  Photon Cannon, Immortal  
  167  12:40  Probe (Chrono Boost)  
  168  12:49  Zealot x2, High Templar x2  
  178  12:52  Zealot  
  178  12:53  Archon  
  178  12:55  Zealot x2  
  165  13:06  Zealot x2  
  142  13:14  Zealot x3  
  142  13:15  Warp Prism  
  142  13:17  Zealot  
  142  13:19  Zealot  
  127  13:27  Zealot x3  
  124  13:36  Observer  
  124  13:37  Zealot  
  124  13:38  Zealot x2  
  105  13:48  Zealot x2  
  99  14:03  Phoenix (Chrono Boost)  
  99  14:05  Zealot x2  
  96  14:11  Zealot x2  
  91  14:19  Phoenix (Chrono Boost)  
  91  14:24  Probe  
  90  14:30  High Templar x2  
  94  14:31  High Templar  
  94  14:32  High Templar  
  94  14:36  Archon, Probe  
  94  14:37  Archon  
  99  14:43  Phoenix (Chrono Boost)  
  101  14:52  Zealot x3  
  99  15:06  Zealot x4  
  105  15:10  Zealot  
  61  15:32  Zealot x5  
  61  15:33  Zealot  
Show
View Real Time Build Order
Export as new Build Order

Cyan Protoss - Winner!

Build Orders:  

Get SALT Encoding   

  12  0:00  Probe  
  13  0:12  Probe  
  14  0:18  Pylon  
  14  0:24  Probe (Chrono Boost)  
  15  0:37  Probe (Chrono Boost)  
  15  0:38  Gateway  
  16  0:45  Probe (Chrono Boost)  
  16  0:47  Assimilator  
  17  0:51  Probe  
  17  0:56  Assimilator  
  18  1:03  Probe (Chrono Boost)  
  19  1:09  Gateway  
  19  1:14  Probe (Chrono Boost)  
  20  1:19  Probe (Chrono Boost)  
  21  1:26  Cybernetics Core  
  21  1:32  Probe  
  22  1:35  Pylon  
  22  1:44  Probe  
  23  1:56  Probe  
  24  2:02  Adept x2  
  24  2:03  Warp Gate  
  28  2:08  Pylon  
  28  2:14  Pylon  
  28  2:19  Probe  
  29  2:30  Stargate  
  29  2:36  Adept  
  31  2:41  Adept  
  32  3:08  Nexus  
  32  3:18  Stargate  
  32  3:21  Probe  
  33  3:32  Pylon  
  33  3:33  Probe  
  34  3:41  Shield Battery  
  34  3:47  Probe  
  34  3:59  Probe  
  34  4:00  Oracle (Chrono Boost)  
  35  4:05  Stalker  
  40  4:12  Stalker  
  40  4:13  Probe  
  40  4:20  Probe  
  40  4:25  Probe  
  41  4:33  Probe  
  41  4:38  Probe  
  46  4:45  Probe  
  45  4:49  Stalker  
  45  4:53  Probe  
  45  4:57  Probe  
  47  5:00  Stalker  
  47  5:06  Probe (Chrono Boost)  
  47  5:10  Twilight Council  
  47  5:13  Probe (Chrono Boost)  
  48  5:18  Probe (Chrono Boost)  
  47  5:22  Stalker  
  47  5:24  Probe x2 (Chrono Boost)  
  48  5:32  Stalker, Probe (Chrono Boost)  
  48  5:33  Probe (Chrono Boost)  
  47  5:43  Pylon  
  47  5:44  Blink (Chrono Boost), Probe (Chrono Boost)  
  47  5:45  Probe (Chrono Boost)  
  49  5:51  Probe (Chrono Boost)  
  49  5:52  Probe (Chrono Boost)  
  51  5:58  Probe  
  51  6:01  Probe  
  51  6:02  Forge  
  51  6:03  Gateway  
  53  6:08  Sentry x2  
  53  6:10  Probe  
  58  6:11  Assimilator  
  58  6:14  Probe  
  58  6:16  Pylon  
  59  6:22  Probe  
  60  6:27  Probe  
  60  6:32  Protoss Ground Weapons Level 1 (Chrono Boost)  
  60  6:34  Pylon  
  60  6:43  Nexus  
  60  6:47  Sentry, Pylon  
  60  6:48  Stalker  
  64  6:54  Gateway  
  64  6:57  Probe  
  64  6:58  Probe  
  66  7:06  Stalker  
  68  7:09  Probe  
  68  7:10  Probe  
  68  7:13  Stalker  
  72  7:15  Stalker  
  72  7:19  Shield Battery  
  72  7:22  Probe  
  75  7:23  Probe  
  76  7:34  Probe  
  76  7:35  Probe  
  76  7:36  Stalker, Shield Battery  
  80  7:37  Stalker  
  80  7:41  Stalker  
  80  7:43  Charge (Chrono Boost)  
  84  7:46  Probe  
  84  7:49  Stalker  
  84  7:50  Probe  
  88  7:56  Probe  
  88  7:58  Probe  
  90  8:00  Adept x2  
  90  8:05  Stalker, Probe  
  92  8:10  Probe  
  92  8:14  Probe  
  92  8:17  Probe  
  93  8:22  Probe  
  93  8:23  Stalker x2  
  93  8:26  Probe  
  99  8:30  Probe  
  98  8:34  Probe  
  98  8:40  Stalker x2  
  99  8:44  Gateway  
  99  8:45  Gateway  
  97  8:50  Stalker  
  97  8:51  Stalker, Protoss Ground Weapons Level 2 (Chrono Boost)  
  97  8:54  Pylon  
  97  8:55  Shield Battery  
  101  8:58  Pylon  
  101  9:00  Assimilator  
  99  9:04  Assimilator  
  99  9:13  Robotics Facility  
  99  9:16  Pylon  
  99  9:17  Stalker x3  
  99  9:21  Probe x3  
  108  9:35  Gateway  
  108  9:36  Gateway  
  108  9:38  Probe, Pylon  
  109  9:43  Pylon  
  109  9:45  Nexus  
  109  9:47  Pylon  
  107  10:02  Probe  
  107  10:04  Templar Archives  
  106  10:09  Zealot x6  
  106  10:11  Shield Battery  
  106  10:12  Photon Cannon  
  118  10:20  Photon Cannon  
  116  10:22  Probe, Shield Battery  
  113  10:35  Zealot x7  
  125  10:37  Observer  
  125  10:40  Photon Cannon  
  126  10:51  High Templar  
  126  10:53  Probe x2  
  126  10:55  High Templar x3  
  126  10:56  Protoss Ground Armor Level 1 (Chrono Boost), High Templar  
  138  10:57  High Templar  
  138  11:02  Gateway  
  138  11:03  Probe  
  141  11:04  Archon x2  
  141  11:05  Gateway  
  141  11:06  Archon  
  141  11:12  Probe  
  142  11:19  High Templar x2  
  142  11:25  Probe x3  
  149  11:26  Pylon  
  149  11:27  Shield Battery  
  149  11:29  Zealot x4, Archon  
  149  11:30  Zealot x2  
  161  11:35  Probe  
  161  11:37  Probe  
  163  11:45  Warp Prism (Chrono Boost), Assimilator  
  163  11:47  Robotics Bay  
  163  11:48  Assimilator  
  163  11:51  Robotics Facility  
  165  11:54  Assimilator  
  165  12:02  Photon Cannon  
  165  12:07  Dark Shrine  
  163  12:14  Colossus  
  151  12:17  Probe  
  151  12:18  Probe  
  153  12:24  Photon Cannon  
  153  12:25  Photon Cannon  
  153  12:27  Pylon  
  153  12:28  Zealot x3  
  153  12:29  Zealot  
  161  12:30  High Templar x3  
  161  12:31  Zealot x2, High Templar  
  161  12:34  Pylon  
  161  12:35  Archon x2  
  161  12:36  Pylon  
  173  12:38  Pylon  
  173  12:40  Gravitic Boosters (Chrono Boost)  
  173  12:43  Disruptor  
  176  12:52  Disruptor  
  152  13:15  Zealot x8  
  152  13:16  Zealot  
  152  13:19  Disruptor  
  153  13:28  Disruptor  
  153  13:30  Dark Templar  
  145  13:44  Dark Templar x3  
  145  13:47  Shadow Stride (Chrono Boost)  
  145  13:54  Disruptor  
  142  14:04  Disruptor (Chrono Boost)  
  142  14:05  Nexus  
  141  14:10  Pylon  
  141  14:12  Pylon  
  141  14:13  Photon Cannon, Shield Battery  
  139  14:20  Stalker x6  
  139  14:24  Stalker x4  
  139  14:29  Photon Cannon  
  147  14:32  Disruptor (Chrono Boost), Shield Battery  
  150  14:40  Observer (Chrono Boost)  
  149  14:53  Observer (Chrono Boost)  
  150  15:01  Disruptor  
  150  15:07  Zealot x7  
  154  15:10  Zealot  
  161  15:15  Assimilator  
  145  15:29  Zealot x5  

Tags
 
Add a new tag
Caveats
  • Supply blocks, unpowered buildings, or Contaminate may cause inaccurate times.
  • Supply counts are checked every 10 seconds.